 Dungeon Crawl Stone Soup version 0.31.0-9-g3a7656b989 (webtiles) character file.

Game seed: 7739000135616225057

343 qw the Skirmisher (level 6, -1/36 HPs)
             Began as a Deep Elf Hunter on Feb 2, 2024.
             Slain by a mummy (13 damage)
             ... in an ossuary.
             The game lasted 00:00:11 (2561 turns).

qw the Skirmisher (Deep Elf Hunter)                 Turns: 2561, Time: 00:00:12

Health: -1/36      AC:  6    Str:  9 (10) XL:     6   Next: 31%
Magic:  8/8        EV: 12    Int: 14      God:
Gold:   199        SH:  0    Dex: 24      Spells: 5/5 levels left

rFire   . . .        a - +0 shortbow
rCold   . . .        (shield currently unavailable)
rNeg    . . .        e - +0 ring mail
rPois   .            (no helmet)
rElec   .            (no cloak)
rCorr   .            p - +0 pair of gloves
SInv    +            (no boots)
Will    .....        (no amulet)
Stlth   ++           c - +6 ring of dexterity
HPRegen 0.26/turn    b - ring of see invisible
MPRegen 0.11/turn

%: no passive effects
@: marked
A: no striking features
a: no special abilities


You were in an ossuary.
You visited 1 branch of the dungeon, and saw 4 of its levels.
You also visited: Ossuary.

You collected 199 gold pieces.


   Skills:
 - Level 2.4 Fighting
 + Level 9.3 Ranged Weapons
 - Level 3.3 Dodging
 - Level 1.2 Stealth


You had 5 spell levels left.
You didn't know any spells.
Your spell library was empty.

Inventory:

Hand Weapons
 a - a +0 shortbow (weapon)
Armour
 e - a +0 ring mail (worn)
 p - a +0 pair of gloves (worn)
Jewellery
 b - a ring of see invisible (right hand)
 c - a +6 ring of dexterity (left hand)
 Y - a ring of protection from fire
Wands
 k - a wand of mindburst (6)
 l - a wand of polymorph (9)
 n - a wand of flame (19)
Potions
 d - a potion of heal wounds
 f - 2 potions of enlightenment
 g - a potion of might
 h - a potion of mutation
 i - a potion of haste
 m - a potion of curing

Dungeon Overview and Level Annotations

Branches:
Dungeon (4/15)            Ossuary (1/1)
 Temple: D:4-7

Altars:
Dithmenos
Kikubaaqudgha
Ru
Xom
Zin


Message History

You shoot an arrow. The arrow hits the burial acolyte.
You kill the burial acolyte!
You feel very sick.
The mummy no longer looks unusually strong.
The mummy is no longer moving quickly.
You feel your strength returning.
Your Fighting skill increases to level 2!
You shoot an arrow. The arrow hits the mummy.
The mummy is moderately damaged.
You feel very sick.
You shoot an arrow. The arrow hits the mummy.
The mummy is heavily damaged.
You feel very sick.
2555 ||| DRINKING 2 potions of heal wounds.
You feel much better.
You feel sick. The mummy hits you!
You shoot an arrow. The arrow hits the mummy!
The mummy is severely damaged.
You feel sick. The mummy hits you.
You shoot an arrow. The arrow barely misses the mummy.
The arrow hits the weeping skull but does no damage.
You feel sick.
You shoot an arrow. The arrow hits the mummy.
The mummy is almost destroyed.
You feel sick.
The weeping skull unleashes gushing sobs.
The wave of grief passes through you. The mummy closely misses you.
You shoot an arrow. The arrow hits the mummy!
You destroy the mummy!
You feel sick.
The weeping skull touches you but does no damage.
You shoot an arrow. The arrow hits the weeping skull.
The weeping skull is lightly damaged.
You feel sick.
You are no longer poisoned.
The weeping skull barely misses you. The weeping skull touches you.
You shoot an arrow. The arrow hits the weeping skull.
The weeping skull is moderately damaged.
The weeping skull touches you. The mummy hits you!
You die...

###'### #.#
##...z.## ##''
##.......###..#
+.........'...#
+....}....'.#.# #
+.........'.00#0#
#.......###M0#0#
##.....## ##Mz0#
##+#'## #@###
#...# #0# ##.##
!?! #.\.# #!!.#
#.\.# ##### #####


You could see a weeping skull and 2 mummies.

Vanquished Creatures
  A burial acolyte (Ossuary)
  Ijyb (D:3)
  Natasha (thrice) (D:3)
  2 iguanas (D:4)
  2 mummies (Ossuary)
  4 adders
  A dart slug (D:1)
  A ribbon worm (D:4)
  3 orcs
  4 bats
  8 endoplasms
  4 giant cockroaches
  9 goblins
  3 hobgoblins
  5 quokkas
  9 ball pythons
  4 frilled lizards
  2 kobolds (D:1)
  4 kobold zombies (Ossuary)
  7 rats
77 creatures vanquished.

Notes
Turn   | Place    | Note
-------+----------+-------------------------------------------
     0 | D:1      | qw the Deep Elf Hunter began the quest for the Orb.
     0 | D:1      | Reached XP level 1. HP: 12/12 MP: 3/3
     0 | D:1      | 0 ||| qw: Version: 0.3-a-155-g5e7d8dd
     0 | D:1      | 0 ||| qw: Game counter: 1805
     0 | D:1      | 0 ||| qw: Melee chars always use a shield: true
     0 | D:1      | 0 ||| qw: God list: Okawaru
     0 | D:1      | 0 ||| qw: Allow faded altars: false
     0 | D:1      | 0 ||| qw: Do Orc after clearing Dungeon:15 true
     0 | D:1      | 0 ||| qw: Do second Lair branch before Depths: true
     0 | D:1      | 0 ||| qw: Lair rune preference: random
     0 | D:1      | 0 ||| qw: Goals: Normal
     0 | D:1      | 0 ||| PLANNING D:1-11
   248 | D:1      | Reached XP level 2. HP: 16/16 MP: 4/4
   278 | D:1      | Reached skill level 6 in Ranged Weapons
   796 | D:1      | 796 ||| UPGRADING to +0 ring mail.
   806 | D:1      | 806 ||| DROPPING +0 leather armour.
   807 | D:1      | 807 ||| UPGRADING to ring of see invisible.
   808 | D:1      | 808 ||| READING scroll labelled CODARE BERPHY.
   808 | D:1      | 808 ||| IDENTIFYING black potion
   809 | D:1      | 809 ||| DRINKING 3 coppery potions.
   810 | D:1      | 810 ||| DROPPING scroll of butterflies.
   854 | D:2      | Reached XP level 3. HP: 20/20 MP: 5/5
  1174 | D:2      | Reached skill level 7 in Ranged Weapons
  1205 | D:2      | Found an ancient bone altar of Kikubaaqudgha.
  1265 | D:2      | Reached XP level 4. HP: 25/25 MP: 6/6
  1432 | D:2      | 1432 ||| READING 4 scrolls of identify.
  1432 | D:2      | 1432 ||| IDENTIFYING yellow potion
  1433 | D:2      | 1433 ||| READING 3 scrolls of identify.
  1433 | D:2      | 1433 ||| IDENTIFYING emerald potion
  1434 | D:2      | 1434 ||| READING 2 scrolls of identify.
  1434 | D:2      | 1434 ||| IDENTIFYING amethyst potion
  1435 | D:2      | 1435 ||| READING scroll of identify.
  1435 | D:2      | 1435 ||| IDENTIFYING 2 lumpy grey potions
  1436 | D:2      | 1436 ||| READING scroll labelled PUCLICZAXY.
  1537 | D:2      | 1537 ||| READING scroll labelled LOTOPO FURAEMN.
  1538 | D:2      | 1538 ||| DRINKING 2 golden potions.
  1539 | D:2      | 1539 ||| DRINKING 3 purple potions.
  1540 | D:2      | 1540 ||| DRINKING 2 fizzy pink potions.
  1541 | D:2      | 1541 ||| DROPPING 2 potions of lignification.
  1542 | D:2      | 1542 ||| DROPPING potion of magic.
  1543 | D:2      | 1543 ||| DROPPING potion of degeneration.
  1544 | D:2      | 1544 ||| DROPPING potion of attraction.
  1582 | D:3      | Noticed Natasha
  1586 | D:3      | 1586 ||| DRINKING 2 potions of haste.
  1588 | D:3      | 1588 ||| FLEEEEING.
  1593 | D:3      | Killed Natasha
  1631 | D:3      | 1631 ||| FLEEEEING.
  1743 | D:3      | Reached skill level 8 in Ranged Weapons
  1761 | D:3      | Noticed Ijyb
  1767 | D:3      | Noticed Natasha
  1780 | D:3      | Killed Ijyb
  1782 | D:3      | Killed Natasha
  1783 | D:3      | Reached XP level 5. HP: 26/29 MP: 7/7
  1783 | D:3      | 1783 ||| FLEEEEING.
  1784 | D:3      | 1784 ||| FLEEEEING.
  1785 | D:3      | 1785 ||| FLEEEEING.
  1786 | D:3      | 1786 ||| FLEEEEING.
  1787 | D:3      | 1787 ||| FLEEEEING.
  1788 | D:3      | 1788 ||| FLEEEEING.
  1789 | D:3      | 1789 ||| FLEEEEING.
  1945 | D:3      | Noticed Natasha
  1952 | D:3      | HP: 5/29 [Natasha/puff of flame (7)]
  1953 | D:3      | 1953 ||| DRINKING 3 potions of heal wounds.
  1957 | D:3      | Killed Natasha
  2185 | D:3      | 2185 ||| UPGRADING to +0 pair of gloves.
  2190 | D:3      | 2190 ||| UPGRADING to ring of protection from fire.
  2191 | D:3      | 2191 ||| UPGRADING to +6 ring of dexterity.
  2193 | D:3      | 2193 ||| UPGRADING to ring of see invisible.
  2195 | D:3      | 2195 ||| READING scroll labelled GUXTYLIJEU.
  2240 | D:4      | 2240 ||| PLANNING OSSUARY
  2240 | D:4      | Found a shimmering altar of Xom.
  2242 | D:4      | Found a sacrificial altar of Ru.
  2243 | D:4      | Found a glowing silver altar of Zin.
  2243 | D:4      | Found a shadowy altar of Dithmenos.
  2286 | D:4      | Reached skill level 9 in Ranged Weapons
  2500 | D:4      | Reached skill level 3 in Dodging
  2510 | D:4      | Found a sand-covered staircase.
  2512 | D:4      | 2512 ||| DRINKING 2 inky potions.
  2521 | Ossuary  | Entered an ossuary
  2541 | Ossuary  | Reached XP level 6. HP: 35/35 MP: 8/8
  2550 | Ossuary  | 2550 ||| RETREEEEATING.
  2551 | Ossuary  | 2551 ||| RETREEEEATING.
  2554 | Ossuary  | HP: 9/36 [poisoned by a burial acolyte]
  2555 | Ossuary  | 2555 ||| DRINKING 2 potions of heal wounds.
  2561 | Ossuary  | Slain by a mummy

Levels and vault maps discovered:
D:1:      enne_arrival_octagon_isle, layout_basic
D:2:      layout_basic, basic_altar, hangedman_decor_growths,
          minmay_tree_intersection
D:3:      layout_loops_ring, nicolae_underground_beach, uniq_natasha, uniq_ijyb
D:4:      layout_basic, grunt_temple_overflow_open, enter_ossuary_1
Ossuary:  ossuary_crypta

Skill      XL: |  1  2  3  4  5  6 |
---------------+-------------------+-----
Ranged Weapons | 6 7 8 9 |  9.3
Dodging        | 3 |  3.3
Fighting       | 2 |  2.4
Stealth        | |  1.2

Action                     |  1- 3 |  4- 6 || total
---------------------------+-------+-------++-------
  Melee: Unarmed           |       |    15 ||    15
   Fire: Shortbow          |    88 |   129 ||   217
    Use: Scroll            |     1 |     7 ||     8
         Potion            |     1 |     7 ||     8
   Stab: Confused          |       |     2 ||     2
 Armour: Leather armour    |     6 |       ||     6
         Ring mail         |     3 |    35 ||    38
         Skin              |       |     6 ||     6
  Dodge: Dodged            |    19 |    30 ||    49

Table legend:
 A = Non-vault XP
 B = Vault XP
 C = Vault XP percentage of total XP
 D = Non-vault monster count
 E = Vault monster count
 F = Vault count percentage of total count
                 A         B        C        D         E       F
            +---------+---------+-------+---------+---------+-------
      Total |     298 |     192 |  39.2 |      68 |       9 |  11.7
            +---------+---------+-------+---------+---------+-------
        D:1 |      39 |       0 |   0.0 |      24 |       0 |   0.0
        D:2 |      66 |       0 |   0.0 |      20 |       0 |   0.0
        D:3 |      90 |      71 |  44.1 |      12 |       2 |  14.3
        D:4 |     103 |       0 |   0.0 |      12 |       0 |   0.0
    Ossuary |       0 |     121 | 100.0 |       0 |       7 | 100.0
            +---------+---------+-------+---------+---------+-------
